 Dungeon Crawl Stone Soup version 0.18-a0-820-gb085b11 (webtiles) character file.

58 AlfredTheGreat the Skirmisher (level 3, -1/33 HPs)
             Began as a Draconian Berserker on Dec 16, 2015.
             Was a Follower of Trog.
             Slain by Natasha (2 damage)
             ... on level 2 of the Dungeon.
             The game lasted 00:03:54 (861 turns).

AlfredTheGreat the Skirmisher (Draconian Berserker)  Turns: 861, Time: 00:03:54

Health: -1/33      AC:  8    Str: 20    XL:     3   Next: 75%
Magic:  3/3        EV: 12    Int:  7    God:    Trog [*.....]
Gold:   98         SH:  0    Dex: 10    Spells: 0 memorised, 2 levels left

rFire  . . .     SeeInvis .     a - +0 falchion
rCold  . . .     Gourm    .     (armour unavailable)
rNeg   . . .     Faith    .     (no shield)
rPois  +         Spirit   .     (helmet restricted)
rElec  .         Dismiss  .     (no cloak)
rCorr  .         Reflect  .     f - +2 pair of gloves
SustAt .         Harm     .     (no boots)
MR     .....                    (no amulet)
Stlth  +.........               (no ring)
                                d - ring of poison resistance

@: slowed, very slow, not resistant to hostile enchantments, very unstealthy
A: unfitting armour, cold-blooded, AC +5
a: Berserk, Burn Spellbooks, Renounce Religion


You were on level 2 of the Dungeon.
You worshipped Trog.
Trog was aware of your devotion.
You were not hungry.

You visited 1 branch of the dungeon, and saw 2 of its levels.

You collected 98 gold pieces.

Inventory:

Hand Weapons
 a - a +0 falchion (weapon)
Missiles
 l - 14 poisoned needles
Armour
 f - a +2 pair of gloves (worn)
Jewellery
 d - a ring of poison resistance (left hand)
Scrolls
 h - a scroll of identify
 j - 2 scrolls of teleportation
Potions
 e - a potion of mutation {unknown}
 g - a potion of curing
 k - a potion of might {unknown}
 o - a potion of magic {unknown}
Comestibles
 b - 3 bread rations
 c - 2 meat rations
 i - a royal jelly


   Skills:
 + Level 3.9 Fighting
 + Level 3.7 Long Blades
 + Level 3.3 Dodging


You had 2 spell levels left.
You didn't know any spells.

Dungeon Overview and Level Annotations

Branches:
Dungeon (2/15)

Altars:

Annotations:
D:2 Natasha


Innate Abilities, Weirdness & Mutations

Your plain brown scales are hard (AC +5).
Your body does not fit into most forms of armour.
You are cold-blooded and may be slowed by cold attacks.


Message History

You hit Natasha but do no damage.
Natasha is lightly wounded.
Natasha claws you but does no damage. Natasha claws you!
You barely miss Natasha.
Natasha is lightly wounded.
Natasha stares at you and mumbles some strange words.
The magic dart hits you!
You hit Natasha.
Natasha is severely wounded.
Natasha drinks a potion.
Natasha is healed!
Natasha claws you!
* * * LOW HITPOINT WARNING * * *
You barely miss Natasha.
Natasha stares at you and mumbles some strange words.
The magic dart hits you!
* * * LOW HITPOINT WARNING * * *
Natasha barely misses you.
You hit Natasha.
Natasha is heavily wounded.
Natasha claws you.
You die...

### #... ### <.. #.. #.####
#.# #....### #.# #.$..####.#
##........########
#@###.#.......... #h#
#...######### #5# ###.....#
..# #.###.#### ..# #.#......#
...# #...#..### 8###
##..###..#
####################...####.##
#.).............##........#..#


You could see Natasha and a crimson imp.

Vanquished Creatures
  Natasha (D:2)
  An adder (D:2)
  A ball python (D:2)
  A bat zombie (D:1)
  2 giant cockroaches (D:1)
  4 hobgoblins
  A quokka (D:2)
  A giant gecko zombie (D:1)
  A giant newt (D:2)
  3 goblins (D:1)
  2 jackals (D:1)
  5 kobolds
  A rat (D:1)
24 creatures vanquished.

Notes
Turn   | Place    | Note
--------------------------------------------------------------
     0 | D:1      | AlfredTheGreat the Draconian Berserker began the quest for the Orb.
     0 | D:1      | Reached XP level 1. HP: 19/19 MP: 1/1
   211 | D:1      | Reached XP level 2. HP: 23/26 MP: 2/2
   674 | D:2      | Reached XP level 3. HP: 33/33 MP: 3/3
   711 | D:2      | Noticed Natasha
   722 | D:2      | Killed Natasha
   846 | D:2      | Noticed Natasha
   860 | D:2      | HP: 1/33 [Natasha/magic dart (2)]
   861 | D:2      | Slain by Natasha

Vault maps used:
D:1:      saegor_arrival_fortress, minivault_4
D:2:      serial_corexii_hall, corexii_hall_statues_deadend,
          corexii_hall_statues_x, uniq_natasha, uniq_crazy_yiuf_cottage,
          uniq_robin, uniq_terence

Action                   || total
-------------------------++-------
Melee: Falchion          ||    86
  Use: Scroll            ||     5
       Potion            ||     1
